 Dungeon Crawl Stone Soup version 0.17-a0-1900-g45e8110 (webtiles) character file.

194 horredgrones the Insei (level 5, -8/33 HPs)
             Began as an Octopode Transmuter on Sept 24, 2015.
             Mangled by a gnoll
             ... wielding a +0 whip
              (9 damage)
             ... on level 4 of the Dungeon.
             The game lasted 00:08:22 (3101 turns).

horredgrones the Insei (Octopode Transmuter)        Turns: 3101, Time: 00:08:23

Health: -8/33      AC:  1    Str: 14    XL:     5   Next: 73%
Magic:  14/17      EV: 13    Int: 15    God:
Gold:   177        SH:  0    Dex: 14    Spells: 3 memorised, 2 levels left

rFire  . . .     SeeInvis .       - Unarmed
rCold  . . .     Clarity  .     (no shield)
rNeg   . . .     SustAt   .     (helmet restricted)
rPois  .         Gourm    .     q - amulet of rage
rElec  .         Spirit   .     p - +5 ring of strength
rCorr  .         Warding  .     s - ring of magical power
rMut   .         Stasis   .     (no ring)
MR     .....                    (no ring)
Stlth  ++........               (no ring)
                                (no ring)
                                (no ring)
                                (no ring)

@: not resistant to hostile enchantments, unstealthy
A: almost no armour, amphibious, 8 rings, constrict 8, camouflage 1, gelatinous
body 1
a: Evoke Berserk Rage


You were on level 4 of the Dungeon.
You were not hungry.

You visited 1 branch of the dungeon, and saw 4 of its levels.

You collected 177 gold pieces.

Inventory:

Hand weapons
 h - a +3 blowgun
 r - a +1 short sword
Missiles
 a - 66 arrows
 j - 13 poisoned needles
Jewellery
 p - a +5 ring of strength (left tentacle)
 q - an amulet of rage (around mantle)
 s - a ring of magical power (right tentacle)
Scrolls
 d - a scroll of remove curse
 f - a scroll of immolation
 g - a scroll of identify
 u - a scroll of recharging
Potions
 e - 2 potions of haste
 k - a potion of mutation
 l - a potion of invisibility
 n - a potion of flight {unknown}
Books
 b - a book of Changes

   Spells                             Type                      Level
   a - Beastly Appendage              Transmutation                1
   b - Sticks to Snakes               Transmutation                2
   c - Spider Form                    Transmutation/Poison         3
   d - Ice Form                       Ice/Transmutation            4
   e - Blade Hands                    Transmutation                5
Comestibles
 c - a bread ration
 i - 7 chunks of flesh
 o - 2 meat rations
 t - a slice of pizza


   Skills:
 - Level 1.0 Fighting
 + Level 3.6 Dodging
 * Level 5.3 Unarmed Combat
 - Level 2.0 Spellcasting
 - Level 2.0 Transmutations


You had 2 spell levels left.
You knew the following spells:

 Your Spells              Type           Power        Failure   Level  Hunger
a - Beastly Appendage     Trmt           #.....       12%         1    #......
b - Sticks to Snakes      Trmt           #.........   14%         2    ###....
c - Spider Form           Trmt/Pois      #.........   43%         3    ###....


Dungeon Overview and Level Annotations

Branches:
Dungeon (4/15)
 Temple: D:4-7

Altars:
Ashenzari
Nemelex Xobeh
Sif Muna
Yredelemnul


Innate Abilities, Weirdness & Mutations

You cannot wear most types of armour.
You are amphibious.
You can wear up to eight rings at the same time.
You can use your tentacles to constrict eight enemies at once.
Your skin changes colour to match your surroundings (Stealth).
Your rubbery body absorbs attacks (AC +1).


Message History

You tentacle-slap the hound but do no damage.
You grab the hound. Your squeeze misses the hound. You constrict the hound.
The hound bites you.
You bludgeon the hound!
You squeeze the hound, but do no damage.
The hound is heavily wounded.
You constrict the hound. The hound bites you. The gnoll hits you with a whip!
You tentacle-slap the hound.
The hound is severely wounded.
You constrict the hound. The hound bites you.
* * * LOW HITPOINT WARNING * * *
The hound bites you.
* * * LOW HITPOINT WARNING * * *
You tentacle-slap the hound but do no damage.
The hound is almost dead.
You constrict the hound.
You kill the hound!
The gnoll closely misses you. The gnoll hits you with a whip!
You die...

############ ##
#..........# .#
#..........# .#
#..........# # .#
#..........#####.#.# .#
#..........!.......# .#
###'###+####@g...#.# .#
#....)..##.#####
.######'###.#.##.#####+#.
..>.........# #.........
.<........### #.........
....).....# #.........
..........# #........#
..........# +........+
....####### #........#


You could see a gnoll.

Vanquished Creatures
  A hound (D:4)
  An orc wizard (D:3)
  Natasha (D:4)
  4 adders
  An ooze (D:3)
  2 worms (D:2)
  4 giant geckos (D:2)
  6 orcs
  2 giant cockroaches
  5 hobgoblins (D:1)
  10 jackals
  A ball python (D:1)
  4 bats
  3 giant newts
  5 goblins
  7 kobolds
  6 rats
63 creatures vanquished.

Notes
Turn   | Place    | Note
--------------------------------------------------------------
     0 | D:1      | horredgrones the Octopode Transmuter began the quest for the Orb.
     0 | D:1      | Reached XP level 1. HP: 13/13 MP: 3/3
   222 | D:1      | Reached XP level 2. HP: 18/18 MP: 5/5
   226 | D:1      | Learned a level 2 spell: Sticks to Snakes
  1016 | D:2      | Found a faded altar to an unknown god.
  1041 | D:2      | Reached XP level 3. HP: 23/23 MP: 2/6
  1335 | D:2      | Found a deep blue altar of Sif Muna.
  1688 | D:2      | Reached skill level 4 in Unarmed Combat
  2182 | D:3      | Reached XP level 4. HP: 28/28 MP: 7/7
  2470 | D:3      | Found a shattered altar of Ashenzari.
  2479 | D:3      | Learned a level 3 spell: Spider Form
  2480 | D:3      | Found a basalt altar of Yredelemnul.
  2584 | D:3      | Found a sparkling altar of Nemelex Xobeh.
  2699 | D:3      | Reached XP level 5. HP: 25/33 MP: 8/8
  3027 | D:4      | Reached skill level 5 in Unarmed Combat
  3034 | D:4      | Noticed Natasha
  3045 | D:4      | Killed Natasha
  3099 | D:4      | HP: 1/33 [hound (6)]
  3101 | D:4      | Mangled by a gnoll

Vault maps used:
D:1:      dpeg_arrival_simpleton_b
D:2:      lemuel_blue_sif_altar, ecumenical_altar_1
D:3:      lemuel_round_altar, ashenzari_conservatory_becter,
          lemuel_crystal_altar
D:4:      first_bread, uniq_natasha

Action                   |  1- 3 |  4- 6 || total
-------------------------+-------+-------++-------
Melee: Unarmed           |    91 |    56 ||   147
 Cast: Beastly Appendage |     2 |     3 ||     5
       Sticks to Snakes  |     1 |       ||     1
  Use: Scroll            |       |     9 ||     9
 Stab: Sleeping          |    11 |     5 ||    16
       Distracted        |       |     1 ||     1
  Eat: Chunk             |     3 |     4 ||     7
